 Dungeon Crawl Stone Soup version 0.29-a0-565-g7a16c6de65 (webtiles) character file.

Game seed: 18169689356855452457

46 KristoblXynda the Skirmisher (level 3, -3/33 HPs)
             Began as a Draconian Monk on June 12, 2022.
             Slain by a gnoll
             ... wielding a +2 halberd of protection
              (15 damage)
             ... on level 2 of the Dungeon.
             The game lasted 00:01:24 (1490 turns).

KristoblXynda the Skirmisher (Draconian Monk)       Turns: 1490, Time: 00:01:25

Health: -3/33      AC:  5    Str: 15    XL:     3   Next: 44%
Magic:  3/3        EV: 13    Int: 10    God:
Gold:   64         SH:  0    Dex: 17    Spells: 2/2 levels left

rFire   . . .      SeeInvis .     - Unarmed
rCold   . . .      Faith    .   (no shield)
rNeg    . . .      Spirit   .   (body armour unavailable)
rPois   .          Reflect  .   (helmet restricted)
rElec   .          Harm     .   (no cloak)
rCorr   .          Rampage  .   (no gloves)
Will    .....      Clarity  +   (no boots)
Stlth   ++........              (no amulet)
HPRegen 0.11/turn               (no ring)
MPRegen 0.08/turn               (no ring)

@: no status effects
A: AC +5, unfitting armour, cold-blooded, agile 2, clarity, sense surroundings 1
a: no special abilities


You were on level 2 of the Dungeon.
You visited 1 branch of the dungeon, and saw 2 of its levels.

You collected 64 gold pieces.

Inventory:

Scrolls
 f - a scroll of teleportation {unknown}
 g - a scroll of blinking {unknown}
 h - a scroll of enchant armour
Potions
 b - a potion of curing
 e - a potion of brilliance


   Skills:
 + Level 4.0 Fighting
 + Level 3.2 Dodging
 - Level 1.7 Stealth
 + Level 3.5 Unarmed Combat


You had 2 spell levels left.
You didn't know any spells.
Your spell library was empty.

Dungeon Overview and Level Annotations

Branches:
Dungeon (2/15)

Altars:


Innate Abilities, Weirdness & Mutations

Your plain brown scales are hard. (AC +5)
You cannot fit into any form of body armour.
You are cold-blooded and may be slowed by cold attacks.
You are very agile. (Dex +4)
You possess an exceptional clarity of mind.
You passively map a small area around you.


Message History

You start waiting.
A gnoll is nearby!
The gnoll completely misses you.
You hit the gnoll but do no damage. The gnoll closely misses you.
You barely miss the gnoll. The gnoll closely misses you.
You hit the gnoll but do no damage.
The gnoll hits you with a +2 halberd of protection!
You punch the gnoll!
Your tail-slap misses the gnoll.
The gnoll is heavily wounded.
The gnoll misses you.
You hit the gnoll but do no damage.
The gnoll is heavily wounded.
The gnoll barely misses you.
You hit the gnoll.
The gnoll is heavily wounded.
The gnoll hits you but does no damage.
You hit the gnoll but do no damage.
The gnoll is heavily wounded.
The gnoll barely misses you.
You hit the gnoll but do no damage.
You tail-slap the gnoll, but do no damage.
The gnoll is heavily wounded.
The gnoll hits you with a +2 halberd of protection!
You hit the gnoll but do no damage.
The gnoll is heavily wounded.
The gnoll barely misses you.
You hit the gnoll.
The gnoll is almost dead.
The gnoll barely misses you.
You closely miss the gnoll.
The gnoll is almost dead.
The gnoll hits you with a +2 halberd of protection.
A gnoll comes into view. It is wielding a +0 whip of venom.
You hit the gnoll but do no damage.
The gnoll is almost dead.
The gnoll closely misses you.
You completely miss the gnoll.
The gnoll is almost dead.
The gnoll hits you with a +2 halberd of protection!
You die...

#.# * #.# #.#######
#.......# #.#####.#
* #### #g# #.# , ,
,,... #.# #.#
**####. #g#####.##
#....
#.@......######.###
#######...†.....#
#.........#
#########.# #.###
#.... #####


You could see 2 gnolls.

Vanquished Creatures
  An adder (D:1)
  A dart slug (D:1)
  A ball python (D:1)
  3 bats
  3 endoplasms
  3 giant cockroaches (D:1)
  4 goblins
  A hobgoblin (D:1)
  6 jackals (D:1)
  2 kobolds
  A quokka (D:1)
  2 frilled lizards (D:1)
  A rat (D:2)
29 creatures vanquished.

Vanquished Creatures (others)
  A fungus (D:1)
  A plant (D:1)
2 creatures vanquished.

Grand Total: 31 creatures vanquished

Notes
Turn   | Place    | Note
-------+----------+-------------------------------------------
     0 | D:1      | KristoblXynda the Draconian Monk began the quest for the
                  | Orb.
     0 | D:1      | Reached XP level 1. HP: 19/19 MP: 1/1
   309 | D:1      | Reached XP level 2. HP: 26/26 MP: 2/2
   459 | D:1      | Found a faded altar of an unknown god.
   915 | D:1      | Gained mutation: You possess an exceptional clarity of
                  | mind. [potion of mutation]
   915 | D:1      | Gained mutation: You are agile. (Dex +2) [potion of
                  | mutation]
   915 | D:1      | Gained mutation: You are very agile. (Dex +4) [potion of
                  | mutation]
   915 | D:1      | Gained mutation: You passively map a small area around you.
                  | [potion of mutation]
   920 | D:1      | Reached XP level 3. HP: 5/33 MP: 3/3
  1312 | D:2      | Reached skill level 4 in Fighting
  1490 | D:2      | Slain by a gnoll

Illustrated notes

Levels and vault maps discovered:
D:1:      dpeg_arrival_orchard, layout_loops_cross,
          shapermc_ecumenical_altar_acropolis
D:2:      layout_loops_ring

Skill      XL: |  1  2  3 |
---------------+----------+-----
Dodging        | 3 |  3.2
Fighting       | 4 |  4.0
Stealth        | |  1.7
Unarmed Combat | |  3.5

Action                   || total
-------------------------++-------
Melee: Unarmed           ||   117
       Tailslap          ||    14
       Punch             ||     1
  Use: Potion            ||     2
       Scroll            ||     3
 Stab: Sleeping          ||     5
Armor: Skin              ||    28
Dodge: Dodged            ||    80

Table legend: (Time is in decaauts)
 A = Elapsed time spent in this place.
 B = Non-inter-level travel time spent in this place.
 C = Inter-level travel time spent in this place.
 D = Time resting spent in this place.
 E = Time spent auto-exploring this place.
 F = Levels seen in this place.
 G = Mean time per level.
                   A        B        C        D        E       F      G
               +--------+--------+--------+--------+--------+-----+--------+
         Total |   1484 |   1474 |     10 |    353 |    883 |   2 |  742.0 |
       Dungeon |   1484 |   1474 |     10 |    353 |    883 |   2 |  742.0 |
               +--------+--------+--------+--------+--------+-----+--------+

Top non-repeatable levels by time:
     D:1: 1258 daAuts
     D:2: 225 daAuts
